 Dungeon Crawl Stone Soup version 0.31.0-9-g3a7656b989 (webtiles) character file.

Game seed: 5473951358317292546

209217 kuniqs the Bane of Scribes (level 18, -6/102 HPs)
             Began as a Vine Stalker Berserker on Feb 2, 2024.
             Was the Champion of Trog.
             Succumbed to a +1 glaive of venom's poison
             ... in a wizard's laboratory.
             The game lasted 01:14:34 (30937 turns).

kuniqs the Bane of Scribes (VSBe)                  Turns: 30937, Time: 01:14:34

Health: -6/102     AC: 28    Str: 26    XL:     18   Next: 81%
Magic:  1/30       EV: 13    Int:  7    God:    Trog [******]
Gold:   2006       SH: 13    Dex: 18    Spells: 17/17 levels left

rFire   + . .        F - +7 quick blade (flame)
rCold   + . .        W - +0 kite shield {rC+}
rNeg    . . .        U - +2 plate armour {rF+}
rPois   +            N - +2 hood of the Assassin {Detect Stab+ Stlth++}
rElec   .            o - +2 cloak {rPois}
rCorr   .            g - +1 pair of gloves
SInv    .            K - +0 pair of boots
Will    ++++.        G - amulet of faith Stlth
                     i - +4 ring of slaying
HPRegen 2.17/turn    r - +4 ring of protection
MPRegen 0.22/turn

%: guardian spirit, faith
@: lethally poisoned (-6 -> -36), strong-willed, regenerating, studying 2 skills
A: fangs 3, regeneration 1, magic shield, antimagic bite, no potion heal 2, thin
skeletal structure 1, subdued magic 1
}: 1/15 runes: serpentine
a: Renounce Religion, Berserk, Trog's Hand, Brothers in Arms


You were in a wizard's laboratory.
You worshipped Trog.
Trog was exalted by your worship.
You visited 6 branches of the dungeon, and saw 28 of its levels.
You also visited: Ossuary, Ice Cave and Wizlab.

You collected 4218 gold pieces.
You spent 2212 gold pieces at shops.

Inventory:

Hand Weapons
 F - a +7 quick blade of flaming (weapon)
Missiles
 a - 6 curare-tipped darts (quivered)
Armour
 g - a +1 pair of gloves (worn)
 o - a +2 cloak of poison resistance (worn)
 K - a +0 pair of boots (worn)
 M - a +1 plate armour of positive energy
 N - the +2 hood of the Assassin (worn) {Detect Stab+ Stlth++}
   (You found it on level 5 of the Lair of Beasts)

   Detect:    It allows the wearer to sense nearby creatures.
   Stab+:     It allows the wearer to make particularly effective stabbing
   attacks against helpless or unaware enemies with any weapon.
   Stlth++:   It makes you much more stealthy.
 R - the +2 ring mail of Cuyhayto {rPois rC+++ Regen+ SInv}
   (You found it on level 2 of the Lair of Beasts)

   rC+++:     It renders you almost immune to cold.
   rPois:     It protects you from poison SInv: It lets you see invisible.
   Regen+:    It increases your rate of health regeneration.
 U - a +2 plate armour of fire resistance (worn)
 W - a +0 kite shield of cold resistance (worn)
Jewellery
 i - a +4 ring of slaying (left hand)
 r - a +4 ring of protection (right hand)
 s - a ring of protection from fire
 t - a ring of resist corrosion
 G - an amulet of faith (around neck)
 P - the amulet of Ratesh {RegenMP rElec Regen+ Int-4 Dex+5}
   (You acquired it on level 14 of the Dungeon)

   [amulet of magic regeneration]

   RegenMP:   It increases your rate of magic regeneration.
   Int-4:     It affects your intelligence (-4).
   Dex+5:     It affects your dexterity (+5).
   rElec:     It insulates you from electricity.
   Regen+:    It increases your rate of health regeneration.
 X - a ring of protection from cold
 Y - a ring of flight
Wands
 b - a wand of quicksilver (3)
 n - a wand of iceblast (9)
 p - a wand of digging (14)
 w - a wand of flame (16)
 D - a wand of charming (10)
 S - a wand of polymorph (13)
Scrolls
 d - a scroll of torment
 e - 3 scrolls of immolation
 j - 3 scrolls of fog
 l - 6 scrolls of fear
 m - 6 scrolls of poison
 q - a scroll of silence
 y - 10 scrolls of enchant armour
 A - 2 scrolls of blinking
 B - 4 scrolls of teleportation
 C - 4 scrolls of revelation
 L - 2 scrolls of identify {@r1}
 O - a scroll of summoning
 Q - a scroll of brand weapon
Potions
 c - 3 potions of might
 f - 10 potions of curing {@q1}
 h - 4 potions of attraction
 u - 4 potions of haste
 v - 3 potions of mutation
 x - 2 potions of enlightenment
 z - 2 potions of lignification
 E - a potion of magic
 H - a potion of invisibility
 I - a potion of cancellation
 J - a potion of berserk rage
Miscellaneous
 k - a sack of spiders
 T - a phial of floods


   Skills:
 + Level 14.5 Fighting
 - Level 14.0 Short Blades
 + Level 7.1 Armour
 + Level 12.0 Dodging
 + Level 13.0 Shields
 + Level 15.2 Invocations
 - Level 5.0 Evocations


You had 17 spell levels left.
You didn't know any spells.
Your spell library was empty.

Dungeon Overview and Level Annotations

Branches:
Dungeon (15/15)            Temple (1/1) D:6            Lair (5/5) D:9
 Shoals (0/4) Lair:3        Snake (4/4) Lair:3        Slime (0/5) Lair:4
    Orc (2/2) D:12            Elf (1/3) Orc:2        Vaults (0/5) D:14
 Depths (0/4) D:15        Ossuary (visited)           IceCv (visited)
 WizLab (1/1)

Altars:
Ashenzari
Cheibriados
Dithmenos
Elyvilon
Fedhas
Gozag
Hepliaklqana
Kikubaaqudgha
Makhleb
Nemelex Xobeh
Okawaru
Qazlal
Ru
Sif Muna
Trog
Uskayaw
Vehumet
Wu Jian
Xom
Yredelemnul
Zin
The Shining One
Jiyva

Shops:
D:6 [   Orc:2 ?([(   Snake:2 :?   Snake:4 (

Annotations:
Lair:1 2 transporters


Innate Abilities, Weirdness & Mutations

You have razor-sharp teeth.
Your natural rate of healing is unusually fast.
When hurt, damage is shared between your health and your magic reserves.
Your bite disrupts and absorbs the magic of your enemies.
Potions cannot restore your health.
You have a somewhat thin skeletal structure. (Dex +2, Stealth+)
Your spells are a little easier to cast, but a little less powerful.


Message History

Your system rejects the healing.
You feel better.
You block the +3 long sword of flaming's attack.
You block the +1 glaive of venom's attack.
The +1 hand cannon of venom shoots a bolt.
The bolt hits you!
* * * LOW HITPOINT WARNING * * *
You are poisoned.
You swap places.
You feel very sick.
The +3 long sword of flaming hits your cyclops!!
The +3 long sword of flaming burns your cyclops!
Your cyclops completely misses the +3 long sword of flaming.
The +3 long sword of flaming hits your cyclops!
The +3 long sword of flaming burns your cyclops.
The +1 hand cannon of venom shoots a bolt.
The bolt hits your cyclops!!
Your cyclops looks as sick as possible!
Things that are here:
a +0 long sword; a +0 robe Your skin crawls.
You feel strong-willed.
You feel sick.
Your cyclops hits the +3 long sword of flaming but does no damage.
The +3 long sword of flaming hits your cyclops!
The +3 long sword of flaming burns your cyclops.
Your cyclops dies!
Your cyclops's corpse disappears in a puff of smoke!
The +1 glaive of venom closely misses you.
The +1 hand cannon of venom shoots a bolt.
The bolt barely misses you.
As you read the scroll of summoning, it crumbles to dust.
Wisps of shadow whirl around you...
You feel sick.
The +1 glaive of venom hits you but does no damage.
You block the +3 long sword of flaming's attack.
The +1 glaive of venom hits you from afar!!
* * * LOW HITPOINT WARNING * * *
You are lethally poisoned!
The rakshasa blinks!
You swap places.
You die...

# #∩.∩######
#...#...#...##
#.............##
..###.....###..##
###...#####)'#
###+### #...#
#...# ##..###
#..... ##..###
##..... ##.@.##
##..... ##.((##
##.((## ##(°.##
##.§.## ##...##
.....#..R##
.##.....##
.####''#


You could see a rakshasa, 3 dancing weapons and 2 friendly dancing weapons.

Vanquished Creatures
  Saint Roka (Orc:2)
  Gastronok (Lair:2)
  Roxanne (D:14)
  Agnes (Snake:3)
  6 nagarajas (Snake:4)
  A fire giant (D:11)
  Louise (D:14)
  An orc warlord (Orc:2)
  A stone giant (D:11)
  Azrael (D:12)
  2 dire elephants
  Josephine (Orc:2)
  A deep elf high priest (Elf:1)
  A catoblepas (D:15)
  Erolcha (D:11)
  9 hydras
  6 salamander tyrants
  An ogre mage (D:15)
  2 rakshasas (WizLab)
  2 ice dragons (D:15)
  A dancing weapon (Elf:1)
  20 anacondas
  Erica (D:11)
  2 centaur warriors
  A death knight (D:11)
  7 two-headed ogres
  11 naga warriors
  10 death yaks
  2 boulder beetles
  An occultist (D:11)
  2 shock serpents (Snake:1)
  Urug (D:11)
  3 orc high priests (Orc:2)
  14 naga sharpshooters
  A hell knight (D:11)
  2 deep elf knights (Elf:1)
  5 skysharks
  5 salamander mystics
  11 mana vipers
  A sea snake (D:14)
  A deep troll (D:11)
  2 deep elf archers (Elf:1)
  8 naga ritualists
  A lindwurm (Lair:3)
  4 orc knights
  Pikel (D:4)
  10 deep elf pyromancers
  6 deep elf zephyrmancers (Elf:1)
  A necromancer (IceCv)
  The ghost of Prykner the Chopper, a novice FoFi of Okawaru (D:5)
  6 ugly things
  3 orc sorcerers
  5 cyclopes
  5 manticores
  15 salamanders
  An ice statue (IceCv)
  A meliai (shapeshifter) (D:13)
  3 meliai (D:15)
  23 elephants
  10 kobold blastminers
  42 black mambas
  16 naga magi
  6 guardian serpents (Snake:4)
  A torpor snail (Lair:4)
  An unseen horror (D:10)
  2 gargoyles
  26 cane toads
  12 komodo dragons
  An anaconda simulacrum (IceCv)
  5 rime drakes
  4 freezing wraiths (IceCv)
  11 ice devils (IceCv)
  8 trolls
  2 merfolk (Lair:3)
  4 polar bears
  A wind drake (shapeshifter) (D:15)
  3 tyrant leeches (Lair:5)
  Grinder (D:4)
  2 hornets
  A dream sheep (Lair:4)
  30 blink frogs
  13 slime creatures
  2 spriggans
  25 yaks
  2 wyverns
  Eustachio (D:6)
  2 basilisks
  6 wraiths
  16 humans (D:14)
  2 wargs
  3 fire elementals (D:12)
  6 death yak simulacra (IceCv)
  8 vampire mosquitoes
  A steam dragon (Lair:3)
  3 harpy simulacra (IceCv)
  43 nagas
  Menkaure (D:5)
  3 hydra simulacra (IceCv)
  21 water moccasins
  2 swamp worms (D:12)
  Edmund (D:4)
  4 acid dragons
  5 hell hounds (D:12)
  2 black bears (D:5)
  39 orc warriors
  3 ice beasts
  A hornet zombie (D:7)
  3 laughing skulls
  A sky beast (D:8)
  13 ogres
  6 wolves
  9 centaurs
  A lemure (D:4)
  A kobold brigand (D:9)
  3 phantoms
  Blork the orc (D:5)
  A brain worm (D:4)
  16 bullfrogs
  2 elf zombies (D:7)
  3 necrophages (D:7)
  3 gnoll sergeants
  2 wyvern zombies (D:7)
  2 cane toad simulacra (IceCv)
  3 scorpions
  7 wights
  3 elephant simulacra (IceCv)
  17 killer bees
  5 electric eels
  3 howler monkeys
  2 bombardier beetles (D:4)
  A centaur zombie (D:7)
  Crazy Yiuf (D:2)
  15 jellies
  23 orc priests
  2 human zombies (D:7)
  4 iguanas
  A human skeleton (D:7)
  Natasha (thrice) (D:2)
  33 orc wizards
  A sleepcap (D:4)
  7 polar bear simulacra (IceCv)
  3 troll simulacra (IceCv)
  2 wolf simulacra (IceCv)
  11 mummies
  A howler monkey zombie (D:7)
  9 gnolls
  13 adders
  3 shadow imps
  3 white imps
  5 ufetubi
  5 dart slugs
  119 orcs
  5 bats
  9 endoplasms
  6 giant cockroaches
  2 gnoll zombies (Ossuary)
  18 goblins
  13 hobgoblins
  14 jackals
  2 quokkas
  4 ball pythons (D:1)
  2 frilled lizards
  4 hobgoblin zombies (Ossuary)
  9 kobolds
  A kobold zombie (Ossuary)
  An orc skeleton (D:7)
  2 orc zombies
  6 rats
  A rat (shapeshifter) (D:13)
  2 butterflies (Lair:4)
1116 creatures vanquished.

Vanquished Creatures (collateral kills)
  A ghost moth (Snake:3)
  A boulder beetle (D:11)
  An ugly thing (IceCv)
  A water moccasin (D:8)
  2 orc warriors
  A two-headed ogre simulacrum (IceCv)
  3 killer bees (D:8)
  An orc priest (D:8)
  2 orc wizards
  2 orcs (Orc:2)
15 creatures vanquished.

Vanquished Creatures (others)
  An ugly thing (D:11)
  2 gnolls (D:6)
  An orc (Orc:2)
4 creatures vanquished.

Grand Total: 1135 creatures vanquished

Notes
Turn   | Place    | Note
-------+----------+-------------------------------------------
     0 | D:1      | kuniqs the Vine Stalker Berserker began the quest for the
                  | Orb.
     0 | D:1      | Reached XP level 1. HP: 11/11 MP: 2/2
   144 | D:1      | Reached XP level 2. HP: 12/16 MP: 1/3
   386 | D:1      | Reached skill level 1 in Invocations
   499 | D:1      | Reached XP level 3. HP: 19/19 MP: 4/4
  1057 | D:2      | Reached ** piety under Trog
  1231 | D:2      | Reached XP level 4. HP: 24/24 MP: 4/6
  1254 | D:2      | Noticed Natasha
  1266 | D:2      | Killed Natasha
  1271 | D:2      | Noticed Natasha
  1330 | D:2      | Killed Natasha
  1414 | D:2      | Reached XP level 5. HP: 27/28 MP: 5/7
  1467 | D:2      | Found a runed translucent door.
  1468 | D:2      | Noticed Crazy Yiuf
  1478 | D:2      | Noticed Natasha
  1483 | D:2      | Killed Natasha
  1484 | D:2      | Reached skill level 2 in Invocations
  2010 | D:2      | Killed Crazy Yiuf
  2011 | D:2      | Reached XP level 6. HP: 33/33 MP: 8/8
  2674 | D:3      | Reached *** piety under Trog
  2792 | D:3      | Reached skill level 1 in Evocations
  2894 | D:3      | Found a white marble altar of Elyvilon.
  2894 | D:3      | Found a sacrificial altar of Ru.
  3282 | D:4      | Reached skill level 5 in Short Blades
  3350 | D:4      | Noticed Grinder
  3369 | D:4      | Killed Grinder
  3370 | D:4      | Reached skill level 3 in Invocations
  3370 | D:4      | Reached XP level 7. HP: 32/37 MP: 10/10
  3412 | D:4      | Found a shimmering altar of Xom.
  3482 | D:4      | Noticed Pikel
  3512 | D:4      | Killed Pikel
  3513 | D:4      | Reached skill level 4 in Invocations
  3513 | D:4      | Gained mutation: You have razor-sharp teeth. [Vine Stalker
                  | growth]
  3513 | D:4      | Reached XP level 8. HP: 42/42 MP: 9/12
  3714 | D:4      | Reached skill level 5 in Fighting
  3935 | D:4      | Noticed Edmund
  3943 | D:4      | Killed Edmund
  4325 | D:5      | Entered Level 5 of the Dungeon
  4414 | D:5      | Found a runed translucent gate.
  4414 | D:5      | Noticed Prykner's ghost (novice FoFi)
  4416 | D:5      | Found a runed translucent gate.
  4417 | D:5      | Found a runed translucent gate.
  4453 | D:5      | Reached XP level 9. HP: 47/47 MP: 13/13
  4486 | D:5      | Noticed Blork the orc
  4498 | D:5      | Killed Blork the orc
  4499 | D:5      | Reached skill level 5 in Invocations
  4560 | D:5      | Noticed Menkaure
  4563 | D:5      | Killed Menkaure
  4763 | D:5      | Found a shadowy altar of Dithmenos.
  4768 | D:5      | Reached **** piety under Trog
  4932 | D:6      | Found Meshuiti's Armour Emporium.
  5024 | D:6      | Noticed a two-headed ogre
  5033 | D:6      | Killed a two-headed ogre
  5127 | D:6      | Found a staircase to the Ecumenical Temple.
  5138 | Temple   | Entered the Ecumenical Temple
  5426 | D:6      | Reached skill level 6 in Invocations
  5660 | D:6      | Noticed Eustachio
  5661 | D:6      | Gained mutation: You have a somewhat thin skeletal
                  | structure. (Dex +2, Stealth+) [potion of mutation]
  5661 | D:6      | Gained mutation: Your spells are a little easier to cast,
                  | but a little less powerful. [potion of mutation]
  5671 | D:6      | Killed Eustachio
  5672 | D:6      | Reached XP level 10. HP: 53/53 MP: 13/15
  5751 | D:6      | Reached skill level 5 in Evocations
  5919 | D:6      | Reached skill level 1 in Shields
  6371 | D:7      | Found a sand-covered staircase.
  6381 | Ossuary  | Entered an ossuary
  7061 | D:7      | Found a basalt altar of Yredelemnul.
  7072 | D:7      | Reached ***** piety under Trog
  7459 | D:8      | Reached skill level 7 in Invocations
  7537 | D:8      | Identified the +0 helmet of Impressiveness {Harm +Blink}
  7692 | D:8      | Received a gift from Trog
  7970 | D:8      | Found an ornate altar of the Wu Jian Council.
  8111 | D:9      | Reached skill level 10 in Short Blades
  8113 | D:9      | Reached XP level 11. HP: 56/58 MP: 17/17
  8257 | D:9      | Found a staircase to the Lair.
  8519 | D:9      | Identified the +0 chain mail "Juewyfou" {^Drain +Blink rF+
                  | Int+5}
  8905 | D:10     | Entered Level 10 of the Dungeon
  9277 | D:10     | Noticed a manticore
  9298 | D:10     | Killed a manticore
  9392 | D:10     | Noticed a two-headed ogre
  9396 | D:10     | Killed a two-headed ogre
  9533 | D:11     | Noticed Erica
  9542 | D:11     | Killed Erica
  9627 | D:11     | Noticed Urug
  9649 | D:11     | Killed Urug
  9740 | D:11     | Noticed a cyclops
  9743 | D:11     | Noticed a cyclops
  9750 | D:11     | Killed a cyclops
  9756 | D:11     | Reached skill level 8 in Invocations
  9772 | D:11     | Killed a cyclops
  9896 | D:11     | Noticed Erolcha
  9896 | D:11     | Noticed a two-headed ogre
  9921 | D:11     | Killed Erolcha
  9922 | D:11     | Reached XP level 12. HP: 64/64 MP: 19/19
  9955 | D:11     | Killed a two-headed ogre
 10324 | D:11     | Noticed a centaur warrior
 10325 | D:11     | Noticed a six-headed hydra
 10328 | D:11     | Noticed a boulder beetle
 10335 | D:11     | Killed a centaur warrior
 10374 | D:11     | Killed a boulder beetle
 10375 | D:11     | Reached skill level 5 in Shields
 10380 | D:11     | Killed a six-headed hydra
 10849 | D:12     | Noticed a two-headed ogre
 10858 | D:12     | Noticed Azrael
 10917 | D:12     | Killed Azrael
 11297 | D:12     | Noticed a two-headed ogre
 11313 | D:12     | Killed a two-headed ogre
 11437 | D:12     | Received a gift from Trog
 11453 | D:12     | Found a staircase to the Orcish Mines.
 12305 | D:12     | Killed a two-headed ogre
 12455 | D:13     | Noticed a boulder beetle
 12464 | D:13     | Reached skill level 9 in Invocations
 12483 | D:13     | Killed a boulder beetle
 12545 | D:13     | Reached XP level 13. HP: 67/70 MP: 18/20
 12929 | D:13     | Found a frozen archway.
 12952 | IceCv    | Entered an ice cave
 13069 | IceCv    | Reached skill level 5 in Dodging
 13570 | IceCv    | Found an ancient bone altar of Kikubaaqudgha.
 13681 | IceCv    | Identified the +7 war axe of Ywau {drain, rF- rC+ rCorr
                  | Dex+3}
 14511 | D:13     | Found a sparkling altar of Nemelex Xobeh.
 14917 | D:14     | Noticed Nessos
 14917 | D:14     | Noticed Louise
 14917 | D:14     | Found a gate to the Vaults.
 15096 | D:14     | Identified 2 scrolls of acquirement
 15096 | D:14     | Acquired a +0 quick blade of flaming
 15099 | D:14     | Acquired the amulet of Ratesh {RegenMP rElec Regen+ Int-4
                  | Dex+5}
 15140 | D:14     | Nessos changed into Nessos the sea snake
 15140 | D:14     | Noticed Nessos
 15171 | D:14     | Killed Nessos the sea snake
 15176 | D:14     | Received a gift from Trog
 15434 | D:14     | Noticed Roxanne
 15576 | D:14     | Reached skill level 10 in Invocations
 15588 | D:14     | Reached XP level 14. HP: 76/76 MP: 22/22
 15692 | D:14     | Killed Louise
 15732 | D:14     | Identified the +1 dagger "Jeihahurgh" {freeze, Will+}
 15740 | D:14     | Reached skill level 10 in Fighting
 16246 | Lair:1   | Entered Level 1 of the Lair of Beasts
 16293 | Lair:1   | Found a transporter.
 16324 | Lair:1   | You fall into a shaft and drop 1 floor!
 16327 | Lair:2   | Identified the +2 ring mail of Cuyhayto {rPois rC+++ Regen+
                  | SInv}
 16795 | Lair:1   | Found a transporter.
 17279 | Lair:2   | Noticed Sonja
 17294 | Lair:2   | Sonja changed into Sonja the blink frog
 17294 | Lair:2   | Noticed Sonja
 17296 | Lair:2   | Killed Sonja the blink frog
 17805 | Lair:2   | Noticed Gastronok
 17817 | Lair:2   | Killed Gastronok
 18262 | Lair:3   | Found a staircase to the Snake Pit.
 18490 | Lair:3   | Reached skill level 11 in Invocations
 18838 | Lair:3   | Noticed a dire elephant
 18888 | Lair:3   | Killed a dire elephant
 18889 | Lair:3   | Reached XP level 15. HP: 32/81 MP: 24/24
 18958 | Lair:3   | Acquired 763 gold pieces
 19062 | Lair:3   | Found a staircase to the Shoals.
 19391 | Lair:4   | Reached ****** piety under Trog
 19697 | Lair:4   | Received a gift from Trog
 20186 | Lair:4   | Reached skill level 12 in Invocations
 20196 | Lair:4   | Found a staircase to the Slime Pits.
 20200 | Lair:4   | Found a viscous altar of Jiyva.
 20540 | Lair:5   | Entered Level 5 of the Lair of Beasts
 20850 | Lair:5   | Found the +2 hood of the Assassin {Detect Stab+ Stlth++}
 21107 | Lair:5   | Reached skill level 10 in Shields
 21152 | Lair:5   | Reached XP level 16. HP: 78/88 MP: 26/26
 21204 | Lair:5   | Received a gift from Trog
 21882 | D:6      | Bought a +1 plate armour of positive energy for 480 gold
                  | pieces
 22615 | Snake:1  | Entered Level 1 of the Snake Pit
 22985 | Snake:1  | Reached skill level 13 in Invocations
 23530 | Snake:2  | Received a gift from Trog
 23807 | Snake:2  | Found Udelo's Magic Scroll Shop.
 23811 | Snake:2  | Found Wismirgh's Book Shop.
 23850 | Snake:2  | Bought a scroll of enchant weapon for 97 gold pieces
 24021 | Snake:2  | Reached skill level 10 in Dodging
 24954 | Snake:3  | Noticed Agnes
 24965 | Snake:3  | Killed Agnes
 24989 | Snake:3  | Reached XP level 17. HP: 95/95 MP: 28/28
 25161 | Snake:3  | Received a gift from Trog
 25285 | Snake:3  | Noticed Asterion
 25289 | Snake:3  | Asterion changed into Asterion the ghost moth
 25289 | Snake:3  | Noticed Asterion
 25295 | Snake:3  | Killed Asterion the ghost moth
 25416 | Snake:4  | Entered Level 4 of the Snake Pit
 25524 | Snake:4  | Found Taogg's Weapon Shop.
 25550 | Snake:4  | Reached skill level 14 in Invocations
 25864 | Snake:4  | Received a gift from Trog
 25979 | Snake:4  | Reached skill level 5 in Armour
 26866 | Snake:4  | Reached XP level 18. HP: 81/101 MP: 21/29
 26905 | Snake:4  | Received a gift from Trog
 27106 | Snake:4  | Got a serpentine rune of Zot
 27308 | Snake:2  | Bought a scroll of enchant armour for 97 gold pieces
 27308 | Snake:2  | Bought a scroll of fear for 52 gold pieces
 27308 | Snake:2  | Bought a scroll of teleportation for 39 gold pieces
 27308 | Snake:2  | Bought a scroll of enchant armour for 97 gold pieces
 27617 | D:14     | Killed Roxanne
 27629 | D:15     | Entered Level 15 of the Dungeon
 27874 | D:5      | Killed Prykner's ghost
 28711 | D:15     | Found a staircase to the Depths.
 29132 | Orc:1    | Entered Level 1 of the Orcish Mines
 29141 | Orc:1    | Received a gift from Trog
 29329 | Orc:2    | Entered Level 2 of the Orcish Mines
 29334 | Orc:2    | Noticed Josephine
 29344 | Orc:2    | Killed Josephine
 29408 | Orc:2    | Received a gift from Trog
 29714 | Orc:2    | Reached skill level 15 in Invocations
 29931 | Orc:2    | Found a staircase to the Elven Halls.
 30043 | Orc:2    | Found Ifapt's Magic Scroll Shop.
 30052 | Orc:2    | Bought a scroll of acquirement for 884 gold pieces
 30052 | Orc:2    | Bought a scroll of teleportation for 51 gold pieces
 30052 | Orc:2    | Bought a scroll of revelation for 127 gold pieces
 30052 | Orc:2    | Bought a scroll of summoning for 161 gold pieces
 30052 | Orc:2    | Bought a scroll of enchant armour for 127 gold pieces
 30055 | Orc:2    | Acquired a manual of Dodging
 30165 | Orc:2    | Received a gift from Trog
 30412 | Orc:2    | Found Piukij's Antique Weapon Boutique.
 30598 | Orc:2    | Noticed Saint Roka
 30635 | Orc:2    | Killed Saint Roka
 30678 | Orc:2    | Found Eseik's Antique Weapon Boutique.
 30679 | Orc:2    | Found Xunicki's Antique Armour Shop.
 30735 | Elf:1    | Entered Level 1 of the Elven Halls
 30782 | Elf:1    | Found a magical portal.
 30795 | Elf:1    | Received a gift from Trog
 30889 | WizLab   | Entered Tukima's Studio
 30936 | WizLab   | HP: 4/102 [+1 glaive of venom (19)]
 30937 | WizLab   | Succumbed to a +1 glaive of venom's poison

Illustrated notes

Levels and vault maps discovered:
D:1:      matt_arrival_diagonals, layout_basic, serial_forest,
          infiniplex_forest_straight_2, infiniplex_forest_lined_ring,
          infiniplex_forest_clump_diagonal, infiniplex_forest_end_2,
          infiniplex_forest_zigzag_1, infiniplex_forest_end_1
D:2:      layout_loops_cross, minmay_unequal, uniq_crazy_yiuf_cottage,
          uniq_natasha
D:3:      cheibrodos_greedy_goblins, layout_basic,
          gammafunk_temple_overflow_statue, minivault_11
D:4:      layout_cave_pods, xom_butterflies, kennysheep_donut,
          kennysheep_cluttered_room, st_stairs_11, hangedman_decor_peaks_small,
          uniq_pikel, uniq_grinder, uniq_edmund
D:5:      layout_gridville, grunt_dithmenos_shadows, biasface_ghost_orc_armoury,
          uniq_menkaure, uniq_blork_the_orc
D:6:      layout_cave_pods, minmay_temple_entry_hall, st_stairs_11,
          nicolae_stop_n_shop_1, uniq_eustachio
D:7:      nzn_winding_woodlands_medium [nzn_winding_woodlands_5x5_open_star,
          nzn_winding_woodlands_5x15_split_checker,
          nzn_winding_woodlands_5x5_closed_star,
          nzn_winding_woodlands_5x5_three,
          nzn_winding_woodlands_center_diamonds,
          nzn_winding_woodlands_5x5_checkerboard,
          nzn_winding_woodlands_5x5_cross,
          nzn_winding_woodlands_5x15_lazy_stream,
          nzn_winding_woodlands_5x5_default], layout_basic,
          lemuel_mausoleum_altar_yredelemnul, nicolae_ossuary_entry_catacombs,
          mrwooster_statue_mirror, amcnicky_mini_pool_small
D:8:      layout_rooms, nicolae_wu_jian_glorious_leap
D:9:      layout_roguey, lair_entry_dummy
D:10:     layout_basic
D:11:     minmay_sliced_demisemicircle, layout_stronghold, uniq_urug,
          uniq_erica, uniq_erolcha
D:12:     layout_basic, hiddenorc2_lemuel, serial_co_window_serial,
          co_window_paths_b, co_window_of_opportunity_a, co_window_corner_a,
          co_window_corner_a, co_window_of_opportunity_a, co_window_paths_a,
          co_window_paths_c, co_window_corner_b, co_window_of_opportunity_b,
          co_window_of_opportunity_c, co_window_4corner_a, co_window_sun,
          glass_columns_a, glass_columns_a, glass_columns_b, glass_columns_c,
          glass_columns_a, worms_lemuel, uniq_azrael
D:13:     layout_grid_maze, portal_ice_cave_entry_pillars_1,
          nemelex_spade_bored_becter
D:14:     layout_roguey, david_vaults_3, chequers_serial_rivers_micro_c,
          kennysheep_minor_cross, uniq_roxanne, uniq_louise
D:15:     grunt_enter_depths_hoard, layout_basic
Temple:   eino_temple_scatter_basement
Lair:1:   gammafunk_worm_tunnel, layout_long_grid,
          chequers_serial_rivers_micro_c, beast_lair_carwin_5,
          infiniplex_staircase_pool_2
Lair:2:   layout_cave_pods, grunt_forest_large_clearings, uniq_sonja,
          uniq_gastronok
Lair:3:   layout_gridlike, elwin_shoals_entry_rooms, dummy_snake_entry,
          serial_bayou_pond_e, nzn_random_ring
Lair:4:   mu_elephants_graveyard, layout_long_grid,
          minmay_slime_entry_jelly_boxes, minmay_shattered_shrine,
          serial_bayou_shore_a, lemuel_fruit_fields
Lair:5:   minmay_lair_end_frog_pond, layout_cave_shapes, minivault_24
Snake:1:  layout_onion
Snake:2:  layout_chambers, minmay_shop_star, grunt_megastairs_4
Snake:3:  layout_onion_interference, grunt_megastairs_1, uniq_agnes,
          uniq_asterion
Snake:4:  grunt_snake_rune_serpentine_throne, layout_misc_corridors,
          serial_shops, shop, serial_library_hellmonk_junction, drop_trap,
          nicolae_snake_gridmaze_entwining
Orc:1:    layout_diamond_mine, serial_shops
Orc:2:    grunt_orc_community_town_hall, layout_caves,
          grunt_orc_community_big_house_2, grunt_orc_community_big_house_2,
          grunt_orc_community_house_1, grunt_orc_community_house_2,
          grunt_orc_community_house_2, grunt_orc_community_house_3,
          grunt_orc_community_house_1, grunt_orc_community_house_2,
          bh_open_orc_temple, uniq_josephine
Elf:1:    minmay_the_grid_octo_tiled_squarecenter [minmay_the_grid_octo_focus,
          minmay_the_grid_octo_chip, minmay_the_grid_octo_toaster,
          minmay_the_grid_octo_fan_narrow,
          minmay_the_grid_square_5x5_megaprize_crossed,
          minmay_the_grid_square_5x5_inset,
          minmay_the_grid_square_5x5_misaligned,
          minmay_the_grid_square_5x5_bridge, minmay_the_grid_square_5x5_two],
          layout_loops_cross, mu_enter_wizlab_6, kennysheep_underground_church,
          minmay_shop_grove
WizLab:   wizlab_tukima

Skill      XL: |  1  2  3  4  5  6  7  8  9 10 11 12 13 14 15 16 17 18 |
---------------+-------------------------------------------------------+-----
Short Blades   | 3 4 5 6 7 8 10 11 12 13 14 | 14.0
Invocations    | 1 2 3 4 6 7 8 9 10 11 12 13 14 15 | 15.2
Fighting       | 3 4 5 6 7 8 9 10 12 13 14 | 14.5
Evocations     | 1 2 3 4 5 |  5.0
Armour         | 2 3 4 5 7 |  7.1
Shields        | 3 4 5 7 8 10 11 12 13 | 13.0
Dodging        | 3 4 6 7 8 10 11 12 | 12.0

Action                     |  1- 3 |  4- 6 |  7- 9 | 10-12 | 13-15 | 16-18 || total
---------------------------+-------+-------+-------+-------+-------+-------++-------
  Melee: Short sword       |   108 |   249 |   215 |   399 |   125 |       ||  1096
         Bite              |    29 |    62 |    82 |   424 |  1289 |  1044 ||  2930
         Punch             |     1 |     3 |     7 |       |       |       ||    11
         Dagger            |       |       |    39 |   522 |    12 |       ||   573
         Rapier            |       |       |       |    46 |   163 |       ||   209
         Quick blade       |       |       |       |       |  2235 |  2148 ||  4383
  Throw: Dart              |       |    11 |    22 |    12 |     6 |     2 ||    53
 Invoke: Berserk           |     1 |     5 |     7 |    15 |    13 |     1 ||    42
         Trog's Hand       |       |     1 |     1 |     5 |     2 |     4 ||    13
         Brothers in Arms  |       |       |       |       |     1 |     3 ||     4
  Evoke: Wand              |       |     5 |    14 |    13 |     8 |     2 ||    42
         Phial of floods   |       |       |       |       |     1 |       ||     1
    Use: Scroll            |       |     4 |     4 |     4 |    14 |    12 ||    38
         Potion            |       |     1 |     1 |     8 |       |     1 ||    11
   Stab: Sleeping          |     1 |       |     4 |       |     3 |    11 ||    19
         Distracted        |       |       |       |       |     1 |     5 ||     6
 Armour: Animal skin       |    30 |       |       |       |       |       ||    30
         Leather armour    |     7 |    78 |       |       |       |       ||    85
         Ring mail         |       |    43 |    17 |       |   445 |   320 ||   825
         Robe              |       |       |    69 |       |    59 |       ||   128
         Plate armour      |       |       |    31 |   432 |   230 |    82 ||   775
  Dodge: Dodged            |    50 |   105 |    74 |   133 |   439 |   359 ||  1160
  Block: Buckler           |       |       |     3 |     5 |       |       ||     8
         Kite shield       |       |       |       |   314 |   591 |   503 ||  1408
